 Dungeon Crawl Stone Soup version 0.26.0-10-g1f06aea511 (webtiles) character file.

Game seed: 8052568273359775163

5982 Borgoz the Basher (level 10, -18/65 HPs)
             Began as a Gargoyle Fighter on Jan 17, 2021.
             Was a Believer of Ashenzari.
             Demolished by an orc warrior
             ... wielding a +0 glaive
              (22 damage)
             ... in a bailey.
             The game lasted 00:13:29 (11413 turns).

Borgoz the Basher (Gargoyle Fighter)               Turns: 11413, Time: 00:13:29

Health: -18/65     AC: 17    Str: 20    XL:     10   Next: 85%
Magic:  10/10      EV:  8    Int: 12    God:    Ashenzari [**....]
Gold:   374        SH: 11    Dex: 12    Spells: 9/9 levels left

rFire    . . .     SeeInvis .   F - +12 war axe "Imicwium" {venom, Int+3}
rCold    + . .     Faith    .   c - +0 kite shield
rNeg     + . .     Spirit   .   b - +0 scale mail
rPois    ∞         Reflect  .   (no helmet)
rElec    +         Harm     .   v - +1 cloak
rCorr    .         Rampage  .   (no gloves)
Will     .....                  (no boots)
Stlth    ..........             (no amulet)
HPRegen  0.20/turn              u - ring of protection from cold
MPRegen  0.12/turn              (no ring)

@: mighty
A: negative energy resistance 1, electricity resistance, unbreathing,
petrification resistance, miasma immunity, AC +7
a: Renounce Religion, Curse Item, Scrying


You were in a bailey.
You worshipped Ashenzari.
Ashenzari was pleased with you.
You visited 2 branches of the dungeon, and saw 11 of its levels.
You also visited: Bailey.

You collected 374 gold pieces.

Inventory:

Hand Weapons
 r - a +1 morningstar of protection
 F - the +12 war axe "Imicwium" (weapon) {venom, Int+3}
   (You took it off a big kobold on level 9 of the Dungeon)

   It poisons the flesh of those it strikes.
   It affects your intelligence (+3).
Missiles
 A - a throwing net (quivered)
Armour
 b - a +0 scale mail (worn)
 c - a +0 kite shield (worn)
 v - a +1 cloak (worn)
Jewellery
 u - a ring of protection from cold (left hand)
Wands
 n - a wand of flame (69)
 s - a wand of acid (2)
Scrolls
 a - 4 scrolls of teleportation
 g - 2 scrolls of fear
 h - 3 scrolls of remove curse
 i - 3 scrolls of enchant armour
 j - a scroll of random uselessness {unknown}
 m - a scroll of immolation {unknown}
 o - 2 scrolls of magic mapping
 q - a scroll of fog {unknown}
 w - a scroll of holy word {unknown}
 y - a scroll of vulnerability {unknown}
 C - a scroll of enchant weapon {unknown}
 E - a scroll of blinking
Potions
 d - a potion of might
 e - 2 potions of brilliance
 f - 3 potions of curing
 k - 3 potions of heal wounds
 l - a potion of resistance
 t - 2 potions of flight
 x - a potion of haste


   Skills:
 + Level 8.6 Fighting
 * Level 10.3 Maces & Flails
 + Level 8.5 Armour
 + Level 8.5 Shields


You had 9 spell levels left.
You didn't know any spells.
Your spell library was empty.

Dungeon Overview and Level Annotations

Branches:
Dungeon (10/15)            Temple (1/1) D:5          Bailey (1/1)
   Lair: D:8-11         Orc: D:9-12

Altars:
Ashenzari
Cheibriados
Dithmenos
Elyvilon
Fedhas
Hepliaklqana
Kikubaaqudgha
Makhleb
Qazlal
Ru
Sif Muna
Trog
Uskayaw
Vehumet
Wu Jian
Xom
Yredelemnul
Zin
The Shining One
Lugonu

Shops:
D:6 [


Innate Abilities, Weirdness & Mutations

You are resistant to torment.
Your stone body is resilient. (AC +7)
You are immune to poison.
You resist negative energy. (rN+)
You are resistant to electric shocks. (rElec)
You can survive without breathing.
You are immune to petrification.
You are immune to miasma.


Message History

The orc warrior hits you but does no damage.
The orc warrior hits you from afar with a +0 glaive.
You block the orc knight's attack. You block the orc warrior's attack. x2
The orc warrior hits you with a +0 glaive.
The orc knight roars a battlecry!
The orc warriors go into a battle-frenzy!
You barely miss the orc warrior. You hit the orc warrior.
The orc warrior is poisoned.
You hit the orc knight.
The orc knight looks as sick as possible!
The orc warrior closely misses you. You block the orc warrior's attack. x2
The orc knight hits you with a +0 trident!
The orc warrior hits you but does no damage.
You closely miss the orc warrior. You slash the orc warrior!
The orc warrior looks as sick as possible!
You hit the orc knight. The orc warrior closely misses you.
The orc knight hits you with a +0 trident!!
* * * LOW HITPOINT WARNING * * *
The orc warrior hits you with a +0 glaive!!
You die...

.≈≈#.#.≈......###......≈)#.#≈≈...
..≈≈≈≈≈....#########.(.(≈≈≈≈≈....
...((...((##.......##.(.(........
.........##..#'#'#..##.....((....
........(#..##)#)##..#.......(...
......(.##.#########.##......(...
........##.')#[.}#)'.##..........
........##.###.oo###.##.....((...
...(....##.')#oo@#)'.##..........
...(....##.####'####.##..........
........##..##∩.∩##..#...........
............##'''#..##...........
......(.....##.....##............
..≈≈≈≈≈(....##....##...(≈≈≈≈≈....
.≈≈#.#)≈(...#######.(.(≈)#.#≈≈...
.≈##.∩#≈...............≈#∩.##≈...
.≈..^..≈(..............≈..^..≈...


You could see an orc knight (extremely poisoned) and 3 orc warriors.

Vanquished Creatures
  A two-headed ogre (D:6)
  Joseph (D:7)
  A troll (D:9)
  Grinder (D:6)
  Prince Ribbit (D:6)
  12 orc warriors
  A phantom (D:6)
  4 ogres
  2 ice beasts
  3 centaurs
  2 big kobolds (D:9)
  Blork the orc (D:6)
  3 bullfrogs
  2 scorpions (D:8)
  10 killer bees
  4 howler monkeys
  3 wights (D:8)
  A bullfrog skeleton (D:9)
  A bullfrog zombie (D:5)
  7 hounds
  A jelly (D:10)
  2 orc wizards (D:9)
  A quasit (D:8)
  4 orc priests
  Crazy Yiuf (D:6)
  3 centaur skeletons (D:7)
  2 iguanas
  Terence (D:2)
  3 worker ants
  2 hound skeletons
  A mummy (D:8)
  A worker ant zombie (D:8)
  11 gnolls
  13 adders
  3 shadow imps
  A white imp (D:5)
  An ufetubus (D:6)
  An ooze (D:5)
  An adder zombie (D:5)
  3 worms
  A dart slug (D:1)
  7 leopard geckos
  29 orcs
  11 bats
  9 giant cockroaches
  10 goblins
  11 hobgoblins
  9 jackals
  6 quokkas
  A ball python (D:1)
  3 frilled lizards
  A jackal zombie (D:6)
  12 kobolds
  A leopard gecko skeleton (D:7)
  13 rats
  A spectral orc (D:6)
242 creatures vanquished.

Notes
Turn   | Place    | Note
-------+----------+-------------------------------------------
     0 | D:1      | Borgoz the Gargoyle Fighter began the quest for the Orb.
     0 | D:1      | Reached XP level 1. HP: 14/14 MP: 1/1
   317 | D:1      | Reached XP level 2. HP: 19/19 MP: 2/2
   598 | D:1      | Reached XP level 3. HP: 23/23 MP: 3/3
  1677 | D:2      | Noticed Terence
  1692 | D:2      | Killed Terence
  1693 | D:2      | Reached skill level 3 in Maces & Flails
  1693 | D:2      | Reached XP level 4. HP: 24/29 MP: 4/4
  2014 | D:2      | Found a blossoming altar of Fedhas.
  2120 | D:3      | Found an ancient bone altar of Kikubaaqudgha.
  2492 | D:3      | Reached XP level 5. HP: 33/33 MP: 5/5
  3000 | D:3      | Reached skill level 4 in Maces & Flails
  3085 | D:3      | Found a stormy altar of Qazlal.
  3381 | D:4      | Reached XP level 6. HP: 19/39 MP: 6/6
  3537 | D:4      | Found a broken altar of Ashenzari.
  3618 | D:4      | Became a worshipper of Ashenzari the Shackled
  4149 | D:5      | Entered Level 5 of the Dungeon
  4472 | D:5      | Found an ornate altar of the Wu Jian Council.
  4491 | D:5      | Found a staircase to the Ecumenical Temple.
  4501 | Temple   | Entered the Ecumenical Temple
  4834 | D:5      | Reached XP level 7. HP: 39/44 MP: 7/7
  5009 | D:5      | Noticed a moth of wrath
  5013 | D:5      | Found a bloodstained altar of Trog.
  5190 | D:6      | Reached skill level 5 in Maces & Flails
  5202 | D:6      | Reached skill level 5 in Fighting
  5202 | D:6      | Reached skill level 5 in Armour
  5254 | D:6      | Reached skill level 5 in Shields
  5602 | D:6      | Found Xuessufu's Armour Shop.
  5625 | D:6      | Noticed Prince Ribbit
  5638 | D:6      | Killed Prince Ribbit
  5639 | D:6      | Reached skill level 6 in Maces & Flails
  5639 | D:6      | Reached XP level 8. HP: 25/50 MP: 8/8
  5824 | D:6      | Noticed a two-headed ogre
  5837 | D:6      | Killed a two-headed ogre
  5838 | D:6      | Reached skill level 7 in Maces & Flails
  5838 | D:6      | Reached XP level 9. HP: 14/56 MP: 9/9
  6076 | D:6      | Found a runed translucent door.
  6077 | D:6      | Noticed Crazy Yiuf
  6100 | D:6      | Reached * piety under Ashenzari
  6125 | D:6      | Found a glowing silver altar of Zin.
  6125 | D:6      | Noticed Blork the orc
  6131 | D:6      | Killed Blork the orc
  6289 | D:6      | Noticed Grinder
  6296 | D:6      | Paralysed by Grinder for 4 turns
  6303 | D:6      | Paralysed by Grinder for 5 turns
  6314 | D:6      | Killed Grinder
  6490 | D:6      | Found a basalt altar of Yredelemnul.
  6524 | D:6      | Found a shadowy altar of Dithmenos.
  6713 | D:6      | Killed Crazy Yiuf
  7238 | D:7      | Reached skill level 8 in Maces & Flails
  7500 | D:7      | Found a white marble altar of Elyvilon.
  7515 | D:7      | Noticed Joseph
  7536 | D:7      | Killed Joseph
  7721 | D:7      | Found a radiant altar of Vehumet.
  8190 | D:8      | Found a snail-covered altar of Cheibriados.
  8210 | D:8      | Found a sacrificial altar of Ru.
  8366 | D:8      | Reached skill level 9 in Maces & Flails
  8366 | D:8      | Reached XP level 10. HP: 63/63 MP: 10/10
  8471 | D:8      | Reached ** piety under Ashenzari
  9068 | D:9      | Found a bloodstained altar of Trog.
  9861 | D:9      | Identified the +12 war axe "Imicwium" {venom, Int+3}
 10192 | D:10     | Entered Level 10 of the Dungeon
 10242 | D:10     | Found a flagged portal.
 10339 | Bailey   | Entered a bailey
 10436 | Bailey   | Reached skill level 10 in Maces & Flails
 11407 | Bailey   | Found a roughly hewn altar of Beogh.
 11407 | Bailey   | Noticed an orc knight
 11413 | Bailey   | Demolished by an orc warrior

Illustrated notes

Levels and vault maps discovered:
D:1:      evilmike_arrival_rings, layout_loops_ring, kennysheep_nondescript
D:2:      layout_loops_cross, fedhas_altar_fruit_tree, uniq_terence
D:3:      layout_basic, nicolae_overflow_crystal_walls,
          grunt_decor_mini_mirrors, kennysheep_minor_cross,
          nicolae_qazlal_eye_of_the_storm
D:4:      layout_cave_pods, ashenzari_altar_1, chequers_mini_garden
D:5:      layout_loops_ring, general_overflow_altar, minmay_temple_entry_mist,
          tgw_trog
D:6:      layout_loops_ring, yredelemnul_forgotten_temple_becter, zin_academy,
          grunt_dithmenos_smoke, serial_shops, kennysheep_mini_moat,
          kennysheep_generic_room_7, uniq_grinder, uniq_prince_ribbit1,
          uniq_blork_the_orc, uniq_crazy_yiuf_cottage
D:7:      layout_basic, lemuel_coloured_pillars_altar, elyvilon_altar_4,
          dk_noncrumbling_4, kennysheep_windowed_goal, uniq_joseph
D:8:      layout_cave_pools, overflow_temple_1_default, slow_altar_1,
          kennysheep_potato
D:9:      layout_basic, lemuel_crystal_altar, minivault_1
D:10:     layout_rooms, enter_bailey_5
Temple:   kb_corrupted_temple
Bailey:   bailey_polearm_2, bailey

Skill      XL: |  1  2  3  4  5  6  7  8  9 10 |
---------------+-------------------------------+-----
Maces & Flails | 3 4 6 7 9 10 | 10.3
Fighting       | 4 5 6 7 8 |  8.6
Armour         | 4 5 6 7 8 |  8.5
Shields        | 4 5 6 7 8 |  8.5

Action                   |  1- 3 |  4- 6 |  7- 9 | 10-12 || total
-------------------------+-------+-------+-------+-------++-------
Melee: Flail             |   144 |   274 |   126 |       ||   544
       Morningstar       |       |       |   183 |   181 ||   364
       War axe           |       |       |       |    84 ||    84
Evoke: Wand              |       |       |     7 |       ||     7
  Use: Scroll            |     3 |     4 |     2 |     6 ||    15
       Potion            |       |       |       |     3 ||     3
Armor: Scale mail        |    82 |   155 |   180 |   120 ||   537
Dodge: Dodged            |    39 |    97 |    96 |   104 ||   336
Block: Kite shield       |    83 |   169 |   162 |   211 ||   625
